 Dungeon Sprint DCSS version 0.17-a0-1184-gb75be8f (webtiles) character file.

164 Kidiri the Reanimator (level 5, -11/28 HPs)
             Began as a Deep Elf Necromancer on June 1, 2015.
             Killed from afar by a necromancer (23 damage)
             ... with a bolt of fire
             ... in the Dungeon (Sprint III: "The Ten Rune Challenge").
             The game lasted 00:03:23 (674 turns).

Kidiri the Reanimator (Deep Elf Necromancer)         Turns: 674, Time: 00:03:23

Health: -11/28     AC:  5    Str:  5    XL:     5   Next: 21%
Magic:  13/17      EV: 15    Int: 21    God:
Gold:   20         SH:  0    Dex: 15    Spells: 6 memorised, 4 levels left

rFire  . . .     SeeInvis .     e - +0 club
rCold  . . .     Clarity  .     s - +2 robe {MR+}
rNeg   . . .     SustAt   .     (no shield)
rPois  .         Gourm    .     (helmet restricted)
rElec  .         Spirit   .     (no cloak)
rCorr  .         Warding  .     (no gloves)
rMut   .         NoTele   +     (no boots)
MR     +....                    (no amulet)
Stlth  +++.......               (no ring)
                                (no ring)

@: somewhat resistant to hostile enchantments, fairly stealthy
A: antennae 1, molten scales 1, screaming 1, spit poison 1, evolution 1, subdued
magic 1
a: Spit Poison


You were in the Dungeon.
You were not hungry.

You visited 1 branch You collected 20 gold pieces.

Inventory:

Hand weapons
 e - a +0 club (weapon)
Armour
 a - a +0 robe
 s - a +2 robe of magic resistance (worn)
Scrolls
 i - a scroll of blinking
 m - 2 scrolls of holy word {unknown}
 n - a scroll of remove curse {unknown}
 o - a scroll of fear {unknown}
 q - 2 scrolls of identify {unknown}
Potions
 d - 2 potions of curing
 f - a potion of haste
 g - 2 potions of magic
 j - 2 potions of flight
 r - a potion of cure mutation
Books
 b - a book of Necromancy

   Spells                             Type                      Level
   a - Pain                           Necromancy                   1
   b - Animate Skeleton               Necromancy                   1
   c - Vampiric Draining              Necromancy                   3
   d - Regeneration                   Charms/Necromancy            3
   e - Animate Dead                   Necromancy                   4
   f - Control Undead                 Necromancy                   4
Comestibles
 c - 2 bread rations
 p - 2 royal jellies


   Skills:
 + Level 5.6 Dodging
 + Level 6.0 Stealth
 * Level 8.3 Spellcasting
 + Level 2.7 Charms
 * Level 8.7 Necromancy


You had 4 spell levels left.
You knew the following spells:

 Your Spells              Type           Power        Failure   Level  Hunger
a - Pain                  Necr           ####         1%          1    None
b - Animate Skeleton      Necr           N/A          1%          1    None
c - Vampiric Draining     Necr           ####......   1%          3    None
d - Regeneration          Chrm/Necr      ###.......   1%          3    None
e - Animate Dead          Necr           N/A          1%          4    ###....
f - Control Undead        Necr           ####......   1%          4    ###....


Dungeon Overview and Level Annotations

Branches:
Dungeon (1/1)

Altars:
Cheibriados
Fedhas
Yredelemnul


Innate Abilities, Weirdness & Mutations

You have a pair of small antennae on your head.
You are partially covered in molten scales (AC +1).
You occasionally shout uncontrollably at your foes.
You can spit weak poison.
You evolve.
Your spells are a little easier to cast, but a little less powerful.


Message History

Orders for allies: a - Attack new target. r - Retreat! s - Stop attacking. w - Wait here. f - Follow me.
Anything else - Stay silent.
Gang up on whom?
Press: ? - help, Dir - move target cursor, f - necromancer
Aim: a necromancer, wielding a dagger and wearing a robe Attack!
Your necrophage closely misses the necromancer.
The necromancer barely misses your necrophage.
Your necrophage hits the necromancer.
The necromancer looks less resilient!
The necromancer looks less resilient!
The necromancer points at you and mumbles some strange words.
The bolt of fire hits your necrophage.
Your necrophage is destroyed!
The bolt of fire hits you!
The necromancer points at you and mumbles some strange words.
The bolt of fire hits you!
Ouch! That really hurt!
You die...

▓ ▓▓▓ ♣♣♣ ♣.# ####
..♣ ♣♣.# #__# ♣.♣
♣..# {#$p#
≈.♣♣♣..###+#+###@##
≈♣.♣.♣.#..........#
≈≈.♣.♣.'.⌠........#
≈≈≈≈♣♣.#...######+#
≈≈≈....#.⌠.# {
≈≈.....#...#
.......#+###
.......# .......#


You could see a necromancer.

Vanquished Creatures
  A necrophage (D)
  A water elemental (D)
  A scorpion (D)
  Jessica (D)
  A human (D)
  2 oozes (D)
7 creatures vanquished.

Vanquished Creatures (others)
  2 draconian scorchers (D)
  A yaktaur (D)
3 creatures vanquished.

Grand Total: 10 creatures vanquished

Notes
Turn   | Place    | Note
--------------------------------------------------------------
     0 | D        | Kidiri the Deep Elf Necromancer began the quest for the Orb.
     0 | D        | Reached XP level 1. HP: 10/10 MP: 6/6
     4 | D        | Reached skill level 5 in Necromancy
   106 | D        | Reached XP level 2. HP: 12/15 MP: 5/9
   109 | D        | Learned a level 1 spell: Animate Skeleton
   135 | D        | Killed a yaktaur
   190 | D        | Noticed Jessica
   198 | D        | Killed Jessica
   198 | D        | Reached skill level 5 in Spellcasting
   198 | D        | Reached skill level 6 in Necromancy
   198 | D        | Reached XP level 3. HP: 11/19 MP: 1/12
   208 | D        | Learned a level 3 spell: Vampiric Draining
   212 | D        | Learned a level 3 spell: Regeneration
   245 | D        | Killed a white draconian scorcher
   348 | D        | Killed a white draconian scorcher
   361 | D        | Noticed a scorpion
   368 | D        | Killed a scorpion
   368 | D        | Reached skill level 5 in Stealth
   368 | D        | Reached skill level 7 in Spellcasting
   368 | D        | Reached XP level 4. HP: 20/24 MP: 9/15
   392 | D        | Your ally Jessica died
   399 | D        | Reached skill level 5 in Dodging
   417 | D        | Learned a level 4 spell: Animate Dead
   422 | D        | Learned a level 4 spell: Control Undead
   571 | D        | Noticed a water elemental
   576 | D        | Killed a water elemental
   576 | D        | Reached skill level 8 in Spellcasting
   576 | D        | Reached XP level 5. HP: 28/28 MP: 12/17
   614 | D        | Gained mutation: You are clumsy. (Dex -2) [potion of mutation]
   614 | D        | Gained mutation: You are resistant to hostile enchantments. [potion of mutation]
   614 | D        | Gained mutation: You are very clumsy. (Dex -4) [potion of mutation]
   615 | D        | Lost mutation: You are very clumsy. (Dex -4) [potion of cure mutation]
   615 | D        | Lost mutation: You are clumsy. (Dex -2) [potion of cure mutation]
   615 | D        | Lost mutation: You are resistant to hostile enchantments. [potion of cure mutation]
   616 | D        | Gained mutation: You can spit weak poison. [potion of mutation]
   616 | D        | Gained mutation: Your spells are a little easier to cast, but a little less powerful. [potion of mutation]
   616 | D        | Gained mutation: You evolve. [potion of mutation]
   617 | D        | Gained mutation: You have a pair of small antennae on your head. [potion of mutation]
   617 | D        | Gained mutation: You occasionally shout uncontrollably at your foes. [potion of mutation]
   617 | D        | Gained mutation: You are partially covered in molten scales (AC +1). [potion of mutation]
   670 | D        | Found a basalt altar of Yredelemnul.
   670 | D        | Found a snail-covered altar of Cheibriados.
   670 | D        | Found a blossoming altar of Fedhas.
   670 | D        | Noticed a necrophage
   670 | D        | Noticed a necromancer
   673 | D        | a necrophage (ally) was killed
   674 | D        | Killed from afar by a necromancer

Vault maps used:
D:        dungeon_sprint_mu

Action                   |  1- 3 |  4- 6 || total
-------------------------+-------+-------++-------
Melee: Club              |       |     4 ||     4
 Cast: Pain              |    16 |    12 ||    28
       Animate Skeleton  |     1 |       ||     1
       Control Undead    |       |     1 ||     1
  Use: Potion            |       |     7 ||     7
